TOP OF THE 1ST |
Syracuse Storm batting - Pitching for Put-In-Bay BC : LHP Ramiro García
|
Pitching: LHP Ramiro García
|
|
Batting: RHB Noah Smith
|
0-0: Called Strike 0-1: Foul Ball, location: 2F 0-2: Foul Ball, location: 2F 0-2: Foul Ball, location: 2F 0-2: Ball 1-2: Foul Ball, location: 2F 1-2: Ball 2-2: Strikes out swinging
|
Batting: RHB Stefano Gaddi
|
0-0: Foul Ball, location: 2F 0-1: Called Strike 0-2: Strikes out swinging
|
Batting: RHB Juan Salinas
|
0-0: Ball 1-0: Called Strike 1-1: Foul Ball, location: 2F 1-2: Ball 2-2: Ground out 6-3 (Groundball, 6)
|
Top of the 1st over - 0 run(s), 0 hit(s), 0 error(s), 0 left on base; Syracuse 0 - Put-In-Bay 0 |
BOTTOM OF THE 1ST |
Put-In-Bay BC batting - Pitching for Syracuse Storm : RHP Héctor Bustos
|
Pitching: RHP Héctor Bustos
|
|
Batting: RHB Barton Nagel
|
0-0: Ball 1-0: Called Strike 1-1: SINGLE (Flyball, 9S)
|
Batting: RHB Carlos Trujillo
|
0-0: Ball 1-0: Ball 2-0: Grounds into double play, 1-6-3 (Groundball, 13)
|
Batting: RHB Ken Little
|
0-0: Ball 1-0: Foul Ball, location: 2F 1-1: Swinging Strike 1-2: Foul Ball, location: 2F 1-2: Foul Ball, location: 2F 1-2: SINGLE (Groundball, 56)
|
Batting: RHB Ed Adams
|
0-0: Ball 1-0: Foul Ball, location: 2F 1-1: Ball Ken Little steals 2nd base 2-1: Ball 3-1: Foul Ball, location: 2F 3-2: Fly out, F3 (Popup, 3F)
|
Bottom of the 1st over - 0 run(s), 2 hit(s), 0 error(s), 1 left on base; Syracuse 0 - Put-In-Bay 0 |
TOP OF THE 2ND |
Syracuse Storm batting - Pitching for Put-In-Bay BC : LHP Ramiro García
|
Batting: LHB Mario Ramos
|
0-0: Called Strike 0-1: Foul Ball, location: 2F 0-2: Strikes out looking
|
Batting: LHB Joaquín Rangel
|
0-0: Ball 1-0: Ball 2-0: Foul Ball, location: 2F 2-1: Ball 3-1: Ground out 4-3 (Groundball, 4)
|
Batting: RHB Carlos Maldonado
|
0-0: Swinging Strike 0-1: Ball 1-1: Swinging Strike 1-2: Foul Ball, location: 2F 1-2: Foul Ball, location: 2F 1-2: Strikes out looking
|
Top of the 2nd over - 0 run(s), 0 hit(s), 0 error(s), 0 left on base; Syracuse 0 - Put-In-Bay 0 |
BOTTOM OF THE 2ND |
Put-In-Bay BC batting - Pitching for Syracuse Storm : RHP Héctor Bustos
|
Batting: RHB Preston Hernández
|
0-0: Called Strike 0-1: Ball 1-1: Ground out 6-3 (Groundball, 6)
|
Batting: RHB Eddie Davis
|
0-0: Ball 1-0: Fly out, F5 (Popup, 15S)
|
Batting: SHB Dylan Carson
|
0-0: Ball 1-0: Swinging Strike 1-1: Ball 2-1: DOUBLE (Groundball, 3L)
|
Batting: RHB Manuel Sánchez
|
0-0: Ball 1-0: Ground out 1-3 (Groundball, 23)
|
Bottom of the 2nd over - 0 run(s), 1 hit(s), 0 error(s), 1 left on base; Syracuse 0 - Put-In-Bay 0 |
TOP OF THE 3RD |
Syracuse Storm batting - Pitching for Put-In-Bay BC : LHP Ramiro García
|
Batting: RHB Sung-min Pae
|
0-0: Swinging Strike 0-1: Ball 1-1: Called Strike 1-2: Foul Ball, location: 2F 1-2: Ground out 5-3 (Groundball, 56)
|
Batting: LHB Esteban Casillas
|
0-0: Called Strike 0-1: Foul Ball, location: 2F 0-2: Ball 1-2: Foul Ball, location: 2F 1-2: Strikes out swinging
|
Batting: SHB John Clayton
|
0-0: Fly out, F1 (Popup, 13)
|
Top of the 3rd over - 0 run(s), 0 hit(s), 0 error(s), 0 left on base; Syracuse 0 - Put-In-Bay 0 |
BOTTOM OF THE 3RD |
Put-In-Bay BC batting - Pitching for Syracuse Storm : RHP Héctor Bustos
|
Batting: RHB Ron Johnston
|
0-0: Ball 1-0: Foul Ball, location: 2F 1-1: Fly out, F4 (Popup, 4)
|
Batting: RHB Barton Nagel
|
0-0: Called Strike 0-1: Ball 1-1: Fly out, F7 (Flyball, 78D)
|
Batting: RHB Carlos Trujillo
|
0-0: Ball 1-0: SINGLE (Line Drive, 4D)
|
Batting: RHB Ken Little
|
0-0: Called Strike 0-1: Called Strike 0-2: Ball 1-2: Foul Ball, location: 2F 1-2: Ball 2-2: Fly out, F8 (Flyball, 8LM)
|
Bottom of the 3rd over - 0 run(s), 1 hit(s), 0 error(s), 1 left on base; Syracuse 0 - Put-In-Bay 0 |
TOP OF THE 4TH |
Syracuse Storm batting - Pitching for Put-In-Bay BC : LHP Ramiro García
|
Batting: RHB Noah Smith
|
0-0: Ball 1-0: Ground out 6-3 (Groundball, 6M)
|
Batting: RHB Stefano Gaddi
|
0-0: Ball 1-0: Called Strike 1-1: Ball 2-1: Swinging Strike 2-2: Foul Ball, location: 2F 2-2: Foul Ball, location: 2F 2-2: Strikes out swinging
|
Batting: RHB Juan Salinas
|
0-0: Called Strike 0-1: Ball 1-1: Foul Ball, location: 2F 1-2: Foul Ball, location: 2F 1-2: DOUBLE (Groundball, 5L)
|
Batting: LHB Mario Ramos
|
0-0: Called Strike 0-1: Foul Ball, location: 2F 0-2: Fly out, F7 (Popup, 7S)
|
Top of the 4th over - 0 run(s), 1 hit(s), 0 error(s), 1 left on base; Syracuse 0 - Put-In-Bay 0 |
BOTTOM OF THE 4TH |
Put-In-Bay BC batting - Pitching for Syracuse Storm : RHP Héctor Bustos
|
Batting: RHB Ed Adams
|
0-0: Ground out 6-3 (Groundball, 6M)
|
Batting: RHB Preston Hernández
|
0-0: Ball 1-0: Fly out, F6 (Popup, 6M)
|
Batting: RHB Eddie Davis
|
0-0: Ball 1-0: Called Strike 1-1: Ball 2-1: Ball 3-1: Called Strike 3-2: Foul Ball, location: 2F 3-2: Foul Ball, location: 2F 3-2: Foul Ball, location: 2F 3-2: Base on Balls
|
Batting: SHB Dylan Carson
|
0-0: Called Strike 0-1: Ball 1-1: Foul Ball, location: 2F 1-2: Strikes out swinging
|
Bottom of the 4th over - 0 run(s), 0 hit(s), 0 error(s), 1 left on base; Syracuse 0 - Put-In-Bay 0 |
TOP OF THE 5TH |
Syracuse Storm batting - Pitching for Put-In-Bay BC : LHP Ramiro García
|
Batting: LHB Joaquín Rangel
|
0-0: SOLO HOME RUN (Flyball, 9LD), Distance : 348 ft
|
Batting: RHB Carlos Maldonado
|
0-0: Ball 1-0: DOUBLE (Flyball, 8LM)
|
Batting: RHB Sung-min Pae
|
0-0: Sac Bunt - play at first, batter OUT! 2-3 Carlos Maldonado to third
|
Batting: LHB Esteban Casillas
|
0-0: Ball 1-0: Ball 2-0: Foul Ball, location: 2F 2-1: SINGLE (Line Drive, 8LS) Carlos Maldonado scores
|
Batting: SHB John Clayton
|
0-0: Ball 1-0: Called Strike 1-1: Ball 2-1: Called Strike 2-2: Fielders Choice at 2nd, 6-4 (Groundball, 6)
|
Batting: RHB Noah Smith
|
0-0: Ball 1-0: Ground out 4-3 (Groundball, 4)
|
Top of the 5th over - 2 run(s), 3 hit(s), 0 error(s), 1 left on base; Syracuse 2 - Put-In-Bay 0 |
BOTTOM OF THE 5TH |
Put-In-Bay BC batting - Pitching for Syracuse Storm : RHP Héctor Bustos
|
Batting: RHB Manuel Sánchez
|
0-0: Ball 1-0: Ball 2-0: Ball 3-0: Called Strike 3-1: Foul Ball, location: 2F 3-2: Foul Ball, location: 2F 3-2: Fly out, F9 (Flyball, 89M)
|
Batting: RHB Ron Johnston
|
0-0: Ball 1-0: Called Strike 1-1: DOUBLE (Flyball, 78M)
|
Batting: RHB Barton Nagel
|
0-0: Ball 1-0: Ball 2-0: Fly out, F8 (Flyball, 8LS)
|
Batting: RHB Carlos Trujillo
|
0-0: Ball 1-0: Foul Ball, location: 2F 1-1: Ball 2-1: SINGLE (Line Drive, 89S) Ron Johnston to third Runner from 3rd tries for Home, SAFE, no throw or cutoff
|
Batting: RHB Ken Little
|
0-0: Ball 1-0: Ball 2-0: SINGLE (Line Drive, 56D) Carlos Trujillo to second
|
Batting: RHB Ed Adams
|
0-0: Ball 1-0: Swinging Strike 1-1: Ball 2-1: Ball 3-1: Called Strike 3-2: Foul Ball, location: 2F 3-2: Strikes out swinging
|
Bottom of the 5th over - 1 run(s), 3 hit(s), 0 error(s), 2 left on base; Syracuse 2 - Put-In-Bay 1 |
TOP OF THE 6TH |
Syracuse Storm batting - Pitching for Put-In-Bay BC : LHP Ramiro García
|
Batting: RHB Stefano Gaddi
|
0-0: Ball 1-0: Called Strike 1-1: SINGLE (Groundball, 6)
|
Batting: RHB Juan Salinas
|
0-0: Ball 1-0: Grounds into double play, 6-4-3 (Groundball, 6)
|
Batting: LHB Mario Ramos
|
0-0: Foul Ball, location: 2F 0-1: Ball 1-1: Swinging Strike 1-2: Ball 2-2: Fly out, F8 (Flyball, 8RXD)
|
Top of the 6th over - 0 run(s), 1 hit(s), 0 error(s), 0 left on base; Syracuse 2 - Put-In-Bay 1 |
BOTTOM OF THE 6TH |
Put-In-Bay BC batting - Pitching for Syracuse Storm : RHP Héctor Bustos
|
Batting: RHB Preston Hernández
|
0-0: Swinging Strike 0-1: Called Strike 0-2: Foul Ball, location: 2F 0-2: SINGLE (Popup, 9S)
|
Batting: RHB Eddie Davis
|
0-0: Called Strike 0-1: Bunted foul 0-2: Grounds into double play, 6-4-3 (Groundball, 6)
|
Batting: SHB Dylan Carson
|
0-0: Ball 1-0: Fly out, F8 (Flyball, 8RM)
|
Bottom of the 6th over - 0 run(s), 1 hit(s), 0 error(s), 0 left on base; Syracuse 2 - Put-In-Bay 1 |
TOP OF THE 7TH |
Syracuse Storm batting - Pitching for Put-In-Bay BC : LHP Ramiro García
|
Batting: LHB Joaquín Rangel
|
0-0: Called Strike 0-1: Foul Ball, location: 2F 0-2: Ball 1-2: SINGLE (Groundball, 34)
|
Batting: RHB Carlos Maldonado
|
0-0: Ball Pickoff Throw to First - Error! E1 Joaquín Rangel to second 1-0: Ball Joaquín Rangel is caught stealing 3rd base 2-0: Swinging Strike 2-1: Swinging Strike 2-2: Ball 3-2: SINGLE (Line Drive, 9S)
|
Pinch Hitting: RHB Jarred Morgan
|
0-0: Called Strike 0-1: Ball 1-1: Ball 2-1: Foul Ball, location: 2F 2-2: Fly out, F3 (Popup, 9LSF)
|
Batting: LHB Esteban Casillas
|
0-0: SINGLE (Flyball, 89S) Carlos Maldonado to second Runner from 2nd tries for 3rd, SAFE, no throw or cutoff
|
Batting: SHB John Clayton
|
0-0: Ball 1-0: Foul Ball, location: 2F 1-1: Fly out, F8 (Flyball, 8LS)
|
Top of the 7th over - 0 run(s), 3 hit(s), 1 error(s), 2 left on base; Syracuse 2 - Put-In-Bay 1 |
BOTTOM OF THE 7TH |
Put-In-Bay BC batting - Pitching for Syracuse Storm : RHP Héctor Bustos
|
Now in RF: Jarred Morgan
|
|
Batting: RHB Manuel Sánchez
|
0-0: SINGLE (Line Drive, 78M)
|
Batting: RHB Ron Johnston
|
0-0: Bunted foul 0-1: Bunted foul 0-2: Ball 1-2: Foul Ball, location: 2F 1-2: Ball 2-2: SINGLE (Flyball, 89S) Manuel Sánchez to second
|
Pinch Hitting: RHB Rocky Cantrell
|
0-0: Foul Ball, location: 2F 0-1: Fly out, F8 (Flyball, 8LD) Runner from 2nd tags up, OUT at 3rd
|
Pinch Hitting: LHB Jim Unknown
|
0-0: Ball 1-0: Called Strike 1-1: Ball 2-1: Hit by Pitch Ron Johnston to second
|
Pitching: RHP Jim Davis
|
|
Batting: RHB Ken Little
|
0-0: Ball 1-0: Called Strike 1-1: Foul Ball, location: 2F 1-2: Ball 2-2: Fly out, F8 (Flyball, 8LM)
|
Bottom of the 7th over - 0 run(s), 2 hit(s), 0 error(s), 2 left on base; Syracuse 2 - Put-In-Bay 1 |
TOP OF THE 8TH |
Syracuse Storm batting - Pitching for Put-In-Bay BC : LHP Ramiro García
|
Now at SS: Rocky Cantrell
|
|
Now in LF: Jim Unknown
|
|
Batting: RHB Noah Smith
|
0-0: Ball 1-0: Swinging Strike 1-1: Foul Ball, location: 2F 1-2: Fly out, F9 (Flyball, 9M)
|
Batting: RHB Stefano Gaddi
|
0-0: Swinging Strike 0-1: Ground out 1-3 (Groundball, 13)
|
Batting: RHB Juan Salinas
|
0-0: Fly out, F8 (Flyball, 8RS)
|
Top of the 8th over - 0 run(s), 0 hit(s), 0 error(s), 0 left on base; Syracuse 2 - Put-In-Bay 1 |
BOTTOM OF THE 8TH |
Put-In-Bay BC batting - Pitching for Syracuse Storm : RHP Jim Davis
|
Pitching: LHP Walt Rice
|
|
Batting: RHB Ed Adams
|
0-0: DOUBLE (Flyball, 8LXD)
|
Pitching: RHP Jon Schultz
|
|
Batting: RHB Preston Hernández
|
0-0: Foul Ball, location: 2F 0-1: DOUBLE (Flyball, 78M) Ed Adams scores
|
Pinch Hitting: LHB Felipe Martínez
|
0-0: Intentional Walk
|
Pinch Hitting: RHB Jim Unknown
|
0-0: Sac Bunt - play at first, batter OUT! 1-3 Preston Hernández to third Felipe Martínez to second
|
Batting: RHB Manuel Sánchez
|
0-0: Fly out, F4 (Popup, 34D)
|
Batting: RHB Ron Johnston
|
0-0: Called Strike 0-1: Called Strike 0-2: Ground out 5-3 (Groundball, 5S)
|
Bottom of the 8th over - 1 run(s), 2 hit(s), 0 error(s), 2 left on base; Syracuse 2 - Put-In-Bay 2 |
TOP OF THE 9TH |
Syracuse Storm batting - Pitching for Put-In-Bay BC : LHP Ramiro García
|
Pitching: RHP Vicente García
|
|
Now at 1B: Felipe Martínez
|
|
Now at 3B: Jim Unknown
|
|
Batting: LHB Mario Ramos
|
0-0: DOUBLE (Line Drive, 56)
|
Batting: LHB Joaquín Rangel
|
0-0: Intentional Walk
|
Batting: RHB Carlos Maldonado
|
0-0: Called Strike 0-1: Bunted foul 0-2: Foul Ball, location: 2F 0-2: Grounds into double play, 5-4-3 (Groundball, 56) Mario Ramos to third
|
Batting: RHB Jarred Morgan
|
0-0: Ball 1-0: Fly out, F8 (Flyball, 8LM)
|
Top of the 9th over - 0 run(s), 1 hit(s), 0 error(s), 1 left on base; Syracuse 2 - Put-In-Bay 2 |
BOTTOM OF THE 9TH |
Put-In-Bay BC batting - Pitching for Syracuse Storm : RHP Jon Schultz
|
Pinch Hitting: LHB Miguel Archuleta
|
0-0: Foul Ball, location: 2F 0-1: Ball 1-1: Swinging Strike 1-2: DOUBLE (Flyball, 8LM)
|
Batting: LHB Jim Unknown
|
0-0: Called Strike 0-1: Called Strike 0-2: Ball 1-2: Ball 2-2: Strikes out swinging
|
Batting: RHB Ken Little
|
0-0: Ball 1-0: Ball 2-0: Called Strike 2-1: SINGLE (Flyball, 8LS) Miguel Archuleta to third Throwing error, E8 Miguel Archuleta scores
|
GAME OVER ... PUT |
In-Bay defeats Syracuse, 3 to 2
|
|
|